 Dungeon Crawl Stone Soup version 0.28.0-53-g5a82cb258f (webtiles) character file.

Game seed: 13299766478161847150

9601 DildoBatman the Skirmisher (level 11, -10/68 (84) HPs)
             Began as a Formicid Conjurer on Aug 10, 2022.
             Was a Priest of Kikubaaqudgha.
             Killed from afar by an ice statue (19 damage)
             ... with a bolt of cold
             ... in an ice cave.
             The game lasted 00:36:48 (10239 turns).

DildoBatman the Skirmisher (Formicid Conjurer)     Turns: 10239, Time: 00:36:49

HP:   -10/68 (84)   AC:  6    Str: 12    XL:     11   Next: 77%
MP:   12/21         EV: 15    Int: 24    God:    Kikubaaqudgha [***...]
Gold: 634           SH:  0    Dex: 19    Spells: 11/24 levels left

rFire   . . .      SeeInvis +   a - +3 halberd
rCold   . . .      Faith    .   (no shield)
rNeg    . . .      Spirit   .   o - +0 troll leather armour
rPois   .          Reflect  .   (helmet unavailable)
rElec   .          Harm     .   (no cloak)
rCorr   .          Rampage  .   E - +0 pair of gloves
Will    +....                   (no boots)
Stlth   ++........              g - amulet of the acrobat
HPRegen 1.01/turn               O - +6 ring of dexterity
MPRegen 0.17/turn               A - +6 ring of intelligence

@: very slightly contaminated, heavily drained
A: permanent stasis, dig shafts and tunnels, antennae 3, four strong arms
a: Dig, Renounce Religion, Receive Corpses


You were in an ice cave.
You worshipped Kikubaaqudgha.
Kikubaaqudgha was most pleased with you.
You visited 2 branches of the dungeon, and saw 12 of its levels.
You also visited: Ice Cave.

You collected 634 gold pieces.

Inventory:

Hand Weapons
 a - a +3 halberd (weapon)
 b - a +1 shortbow of flaming
 d - a +3 falchion
Missiles
 i - 2 throwing nets
 k - 82 bolts
 m - 455 stones
 r - 2 boomerangs
 u - 36 poisoned darts
 C - 98 arrows
 Q - 3 javelins
 T - 75 sling bullets
Armour
 o - a +0 troll leather armour (worn)
 s - a +0 leather armour of fire resistance
 x - the +5 ring mail of Kehapti {Will+ Dex+4 Stlth+}
   (You found it on level 6 of the Dungeon)

   Dex:       It affects your dexterity (+4).
   Will:      It increases your willpower.
   Stlth:     It makes you more stealthy.
 E - a +0 pair of gloves (worn)
 R - a +1 leather armour of cold resistance
Magical Staves
 D - a staff of death
Jewellery
 g - an amulet of the acrobat (around neck)
 n - a ring of poison resistance
 A - a +6 ring of intelligence (right hand)
 O - a +6 ring of dexterity (left hand)
Wands
 p - a wand of flame (32)
 v - a wand of polymorph (11)
Scrolls
 c - 4 scrolls of vulnerability
 e - 2 scrolls of noise
 f - a scroll of blinking {unknown}
 j - a scroll of holy word {unknown}
 t - 2 scrolls of amnesia
 y - a scroll of magic mapping {unknown}
 z - a scroll of identify
 H - a scroll of immolation
 J - a scroll of fog {unknown}
 M - a scroll of fear {unknown}
 N - 3 scrolls of teleportation
Potions
 h - 6 potions of curing
 l - 2 potions of lignification {unknown}
 q - 2 potions of mutation {unknown}
 w - a potion of berserk rage {unknown}
 B - 3 potions of heal wounds
 F - 5 potions of degeneration
 G - a potion of attraction {unknown}
 I - a potion of cancellation {unknown}
 K - 2 potions of resistance {unknown}
 L - 2 potions of brilliance {unknown}
 P - a potion of haste {unknown}


   Skills:
 - Level 7.5 Fighting
 - Level 7.5 Armour
 - Level 6.0 Dodging
 - Level 2.4 Stealth
 - Level 7.0 Spellcasting
 - Level 6.0 Conjurations
 * Level 4.4 Necromancy
 - Level 6.0 Air Magic
 * Level 3.7 Earth Magic
 - Level 6.0 Poison Magic


You had 11 spell levels left.
You knew the following spells:

 Your Spells              Type           Power      Damage    Failure   Level
a - Searing Ray           Conj           74%        2d7       1%          2
b - Borgnjor's Vile Clut  Necr/Erth      13%        N/A       43%         5
c - Magic Dart            Conj           100%       1d8       1%          1
e - Mephitic Cloud        Conj/Pois/Air  37%        N/A       2%          3
z - Sublimation of Blood  Necr           29%        N/A       2%          2

Your spell library contained the following spells:

 Spells                   Type           Power      Damage    Failure   Level
 Animate Skeleton         Necr           58%        N/A       1%          1
 Corpse Rot               Necr/Air       66%        N/A       1%          2
 Passwall                 Tmut/Erth      14%        N/A       6%          2
 Dazzling Flash           Conj/Hex       44%        N/A       8%          3
 Summon Small Mammal      Summ           32%        N/A       9%          1
 Call Imp                 Summ           8%         N/A       13%         2
 Ensorcelled Hibernation  Hex/Ice        16%        N/A       13%         2
 Animate Dead             Necr           14%        N/A       14%         4
 Dispel Undead            Necr           29%        3d13      14%         4
 Iskenderun's Battlesphe  Conj           37%        2d9       21%         5
 Call Canine Familiar     Summ           8%         N/A       26%         3
 Inner Flame              Hex/Fire       8%         N/A       26%         3
 Summon Guardian Golem    Hex/Summ       8%         N/A       26%         3
 Tukima's Dance           Hex            8%         N/A       26%         3
 Fulminant Prism          Conj/Hex       11%        3d9       26%         4
 Iskenderun's Mystic Bla  Conj/Tloc      22%        2d6       26%         4
 Anguish                  Hex/Necr       9%         N/A       34%         4
 Agony                    Necr           29%        N/A       38%         5
 Fireball                 Conj/Fire      11%        3d7       56%         5
 Cause Fear               Hex            4%         N/A       65%         4
 Conjure Ball Lightning   Conj/Air       18%        3x3d6     75%         6
 Death Channel            Necr           14%        N/A       92%         6
 Orb of Destruction       Conj           18%        9d8       99%         7
 Enfeeble                 Hex            4%         N/A       100%        7
 Haunt                    Necr/Summ      9%         N/A       100%        7
 Discord                  Hex            4%         N/A       100%        8
 Infestation              Necr           14%        N/A       100%        8
 Swiftness                Air            Unusable   N/A       N/A         3

Dungeon Overview and Level Annotations

Branches:
Dungeon (11/15)            Temple (1/1) D:5            Lair (0/6) D:8
    Orc (0/2) D:11          IceCv (1/1)

Altars:
Ashenzari
Cheibriados
Dithmenos
Elyvilon
Fedhas
Gozag
Hepliaklqana
Kikubaaqudgha
Makhleb
Nemelex Xobeh
Okawaru
Qazlal
Ru
Sif Muna
Trog
Uskayaw
Vehumet
Wu Jian
Xom
Yredelemnul
Zin
The Shining One

Shops:
D:2 (   D:9 ::

Annotations:
D:4 1 runed translucent door, dvd2's ghost, amateur MfIE
D:7 2 transporters, ptr's ghost, novice FeEn
D:10 exclusions: sensed monster (detected) and vampire mosquito IceCv exclusion: 2 ice statues


Innate Abilities, Weirdness & Mutations

You cannot be hasted, slowed, berserked, paralysed or teleported.
You can dig through walls and to a lower floor.
You have a pair of large antennae on your head. (SInv)
Your four strong arms can wield two-handed weapons with a shield.


Message History

Casting: Sublimation of Blood (safe; 2% risk of failure)
Confirm with . or Enter, or press ? or * to list all spells.
You draw magical energy from your own body!
You start resting.
Your magical contamination has completely faded away.
You start resting.
HP restored.
Really walk into a travel-excluded area?
Casting: Sublimation of Blood (safe; 2% risk of failure)
Confirm with . or Enter, or press ? or * to list all spells.
The spell is quite dangerous to miscast (43% risk of failure)!
Continue anyway?
Aiming: Borgnjor's Vile Clutch (quite dangerous; 43% risk of failure)
Press: ? - help, Shift-Dir - straight line, f - ice statue
Aim: an ice statue (100% to hit)
You miscast Borgnjor's Vile Clutch.
You are very lightly contaminated with residual magic.
You feel very uncomfortable!!
You feel drained.
Casting: Borgnjor's Vile Clutch (quite dangerous; 43% risk of failure)
Confirm with . or Enter, or press ? or * to list all spells.
The spell is quite dangerous to miscast (43% risk of failure)!
Continue anyway?
Aiming: Borgnjor's Vile Clutch (quite dangerous; 43% risk of failure)
Press: ? - help, Shift-Dir - straight line, f/p - ice statue
Aim: an ice statue (100% to hit)
Zombie hands grab the ice statue.
The zombie hands constrict the ice statue!
The ice statue gestures at you. The freezing blast engulfs you!
You slash the ice statue!
The ice statue is moderately damaged.
You are engulfed in freezing vapours.
Ouch! That really hurt!
The zombie hands constrict the ice statue!
The ice statue glitters chillingly in the dim dungeon light.
The ice statue gestures at you. The bolt of cold misses you.
The ice statue gestures at you. The bolt of cold hits you!!
You die...
Kikubaaqudgha rasps: "You have failed me!
Welcome... death!"

###...........##
##..............##
#................#
.................#
#.....(...(....#
#.............#
#....○☼○.☼☼#
##8#.☼☼☼#8##
##..#@## #..###
##..## ##..#
##...# ##...##
#..[## #...##
##...#


You could see an ice statue (clutched).

Vanquished Creatures
  An unseen horror (D:8)
  A rime drake (IceCv)
  2 trolls
  Prince Ribbit (D:5)
  3 wyverns (D:8)
  A wraith (D:10)
  A meliai zombie (D:11)
  5 yaks (D:9)
  A steam dragon (D:8)
  3 water moccasins
  3 orc warriors (D:10)
  2 necrophages
  3 black bears (D:8)
  3 ice beasts
  2 sky beasts
  2 wolves
  11 ogres
  6 centaurs
  6 kobold brigands
  Blork the orc (D:6)
  A gnoll sergeant (D:11)
  2 bullfrogs
  4 scorpions
  A wyvern skeleton (D:6)
  7 killer bees
  A lindwurm simulacrum (IceCv)
  12 wights
  3 howler monkeys (D:9)
  2 centaur zombies
  2 komodo dragon simulacra (IceCv)
  3 hounds
  A jelly (D:6)
  2 orc priests
  2 gnoll shamans
  3 bullfrog skeletons (D:5)
  An iguana (D:5)
  7 orc wizards
  A howler monkey zombie (D:8)
  5 adders
  17 gnolls
  An acid dragon simulacrum (IceCv)
  A shadow imp (D:5)
  An ufetubus (D:6)
  2 steam dragon simulacra (IceCv)
  An adder skeleton (D:4)
  A worm (D:2)
  4 dart slugs
  23 orcs
  8 ball pythons
  4 bats
  9 endoplasms
  3 giant cockroaches
  5 goblins
  4 hobgoblins
  6 jackals
  6 quokkas
  5 frilled lizards
  17 kobolds
  7 rats
243 creatures vanquished.

Vanquished Creatures (collateral kills)
  2 rime drakes (D:11)
2 creatures vanquished.

Vanquished Creatures (others)
  A fungus (D:8)
  20 plants (D:8)
21 creatures vanquished.

Grand Total: 266 creatures vanquished

Notes
Turn   | Place    | Note
-------+----------+-------------------------------------------
     0 | D:1      | DildoBatman the Formicid Conjurer began the quest for the
                  | Orb.
     0 | D:1      | Reached XP level 1. HP: 13/13 MP: 3/3
   290 | D:1      | Reached XP level 2. HP: 20/20 MP: 0/5
   319 | D:1      | Learned a level 2 spell: Searing Ray
   678 | D:1      | Reached skill level 1 in Armour
   693 | D:1      | Reached skill level 1 in Fighting
   693 | D:1      | Reached XP level 3. HP: 23/26 MP: 1/6
  1204 | D:2      | Reached XP level 4. HP: 31/32 MP: 3/8
  1311 | D:2      | Found Mishi's Weapon Emporium.
  1536 | D:2      | Found a faded altar of an unknown god.
  1783 | D:3      | Reached XP level 5. HP: 38/38 MP: 7/9
  2386 | D:4      | Noticed a necrophage
  2449 | D:4      | Found a runed translucent door.
  2450 | D:4      | Noticed dvd2's ghost (amateur MfIE)
  2501 | D:4      | Learned a level 3 spell: Mephitic Cloud
  2525 | D:4      | Reached XP level 6. HP: 46/46 MP: 9/11
  2708 | D:4      | Reached skill level 1 in Poison Magic
  3127 | D:4      | Killed a necrophage
  3128 | D:4      | Reached skill level 1 in Air Magic
  3128 | D:4      | Reached XP level 7. HP: 52/52 MP: 1/12
  3271 | D:5      | Entered Level 5 of the Dungeon
  3745 | D:5      | Reached skill level 5 in Conjurations
  4069 | D:5      | Found a staircase to the Ecumenical Temple.
  4075 | Temple   | Entered the Ecumenical Temple
  4130 | Temple   | Became a worshipper of Kikubaaqudgha
  4392 | D:6      | Reached XP level 8. HP: 46/58 MP: 11/14
  4453 | D:6      | Noticed Blork the orc
  4458 | D:6      | Noticed Prince Ribbit
  4471 | D:5      | Killed Prince Ribbit
  4565 | D:6      | Reached skill level 5 in Spellcasting
  4685 | D:6      | Reached skill level 5 in Poison Magic
  4779 | D:6      | Identified the +5 ring mail of Kehapti {Will+ Dex+4 Stlth+}
  4899 | D:6      | Killed Blork the orc
  4900 | D:6      | Reached XP level 9. HP: 63/63 MP: 14/17
  5162 | D:7      | Found a transporter.
  5165 | D:7      | Noticed ptr's ghost (novice FeEn)
  5191 | D:7      | Found a transporter.
  5640 | D:8      | Noticed an unseen horror
  5763 | D:8      | Reached * piety under Kikubaaqudgha
  5763 | D:8      | Received a gift from Kikubaaqudgha
  5777 | D:8      | Reached skill level 5 in Air Magic
  5977 | D:8      | Reached skill level 1 in Necromancy
  5977 | D:8      | Reached XP level 10. HP: 55/70 MP: 6/20
  5980 | D:8      | Learned a level 2 spell: Sublimation of Blood
  6067 | D:8      | Found a staircase to the Lair.
  6299 | D:8      | Reached ** piety under Kikubaaqudgha
  6352 | D:8      | Found a shimmering blue altar of Sif Muna.
  6378 | D:8      | Reached skill level 5 in Fighting
  6378 | D:8      | Reached skill level 5 in Armour
  6475 | D:8      | Killed an unseen horror
  7288 | D:9      | You fall into a shaft and drop 1 floor!
  7288 | D:10     | Entered Level 10 of the Dungeon
  7761 | D:9      | Found Igoshy Exon's Self-Improvement Boutique.
  7919 | D:9      | Reached skill level 5 in Dodging
  7919 | D:9      | Reached XP level 11. HP: 73/82 MP: 19/21
  7935 | D:9      | Found Ihiog's Book Emporium.
  9261 | D:11     | Noticed a cyclops
  9273 | D:11     | Found a staircase to the Orcish Mines.
  9310 | D:11     | Reached *** piety under Kikubaaqudgha
  9310 | D:11     | Received a gift from Kikubaaqudgha
  9349 | D:11     | Noticed a manticore
  9401 | D:11     | Noticed a six-headed hydra
  9482 | D:11     | Learned a level 5 spell: Borgnjor's Vile Clutch
  9550 | D:11     | Reached skill level 1 in Earth Magic
  9551 | D:11     | Noticed an ogre mage
  9709 | D:11     | Found a frozen archway.
  9716 | IceCv    | Entered an ice cave
 10239 | IceCv    | Killed from afar by an ice statue

Illustrated notes

Levels and vault maps discovered:
D:1:      tarquinn_simple_flora_water_f, layout_basic
D:2:      layout_loops_ring, ebering_ecumenical_altar_sacrificial, serial_shops,
          shop, minmay_crystal_room
D:3:      layout_rooms
D:4:      layout_basic, ebering_ghost_reflecting_pool, kennysheep_small_square
D:5:      layout_loops_cross, minmay_temple_entry_fiery
D:6:      layout_cave_pools, uniq_blork_the_orc, uniq_prince_ribbit1
D:7:      layout_cave_pools, gammafunk_ghost_stat_death
D:8:      layout_layer_cave, nicolae_sif_muna_condensation,
          minmay_lair_entry_grove, grunt_ministairs_5
D:9:      layout_roguey, serial_shops, kennysheep_mini_moat, dk_vineyard_2,
          nicolae_shop_self_help
D:10:     layout_basic, kennysheep_cross_room, minmay_crystal_water
D:11:     layout_loops_ring, kennysheep_orc_monster_closet_entryway,
          portal_ice_cave_rime
Temple:   grunt_wide_crystal_templ
IceCv:    ice_cave_small_dragons

Skill      XL: |  1  2  3  4  5  6  7  8  9 10 11 |
---------------+----------------------------------+-----
Dodging        | 2 5 6 |  6.0
Armour         | 1 2 3 6 7 |  7.5
Fighting       | 1 2 3 6 7 |  7.5
Conjurations   | 4 5 6 |  6.0
Spellcasting   | 3 4 5 7 |  7.0
Poison Magic   | 2 3 5 6 |  6.0
Air Magic      | 1 2 3 6 |  6.0
Necromancy     | 1 4 |  4.4
Earth Magic    | 3 |  3.7
Stealth        | |  2.4

Action                   |  1- 3 |  4- 6 |  7- 9 | 10-12 || total
-------------------------+-------+-------+-------+-------++-------
Melee: Unarmed           |    13 |       |       |       ||    13
       Short sword       |    16 |       |       |       ||    16
       Punch             |     1 |       |     1 |     2 ||     4
       War axe           |       |       |    79 |       ||    79
       Halberd           |       |       |       |   211 ||   211
       Trident           |       |       |       |    33 ||    33
 Fire: Hunting sling     |     8 |   147 |    75 |       ||   230
       Shortbow          |       |       |     8 |    25 ||    33
 Cast: Magic Dart        |    10 |    14 |     5 |     2 ||    31
       Searing Ray       |     8 |    22 |    23 |    45 ||    98
       Mephitic Cloud    |       |       |    27 |    39 ||    66
       Sublimation of Bl |       |       |       |     4 ||     4
       Borgnjor's Vile C |       |       |       |     1 ||     1
 Abil: Dig               |       |       |       |     4 ||     4
  Use: Scroll            |       |       |       |     8 ||     8
 Stab: Sleeping          |     2 |       |       |     1 ||     3
       Confused          |       |       |    13 |    26 ||    39
Armor: Robe              |     4 |     8 |     1 |       ||    13
       Leather armour    |       |       |     4 |       ||     4
       Ring mail         |       |       |    18 |    95 ||   113
       Troll leather arm |       |       |       |     9 ||     9
Dodge: Dodged            |    24 |    39 |    95 |   254 ||   412
